 Dungeon Crawl Stone Soup version 0.29-a0-845-g6161e89988 (webtiles) character file.

Game seed: 3645915900516434660

203 ytrimaz the Insei (level 5, 0/33 HPs)
             Began as an Octopode Transmuter on July 15, 2022.
             Was an Initiate of Gozag.
             Slain by an orc wizard
             ... wielding a +0 dagger of speed
              (2 damage)
             ... on level 5 of the Dungeon.
             The game lasted 00:06:43 (5640 turns).

ytrimaz the Insei (Octopode Transmuter)             Turns: 5640, Time: 00:06:44

Health: 0/33       AC:  1    Str:  9    XL:     5   Next: 81%
Magic:  0/8        EV: 10    Int: 18    God:    Gozag
Gold:   194        SH:  0    Dex: 12    Spells: 1/8 levels left

rFire   . . .      SeeInvis .     - Unarmed
rCold   . . .      Faith    .   (no shield)
rNeg    . . .      Spirit   +   (helmet currently unavailable)
rPois   .          Reflect  .   h - amulet of guardian spirit
rElec   .          Harm     .   (no ring)
rCorr   .          Rampage  .   (no ring)
Will    .....                   (no ring)
Stlth   ++........              (no ring)
HPRegen 0.11/turn               (no ring)
MPRegen 0.11/turn               (no ring)
                                (no ring)
                                (no ring)

@: confused, appendages (expiring), wereblooded, gold aura, attractive,
constricted
A: tentacle spike 3, almost no armour, amphibious, 8 rings, camouflage 1,
gelatinous body 1, (nimble swimmer 1), tentacles
a: End Transformation, Renounce Religion, Potion Petition, Call Merchant, Bribe
Branch


You were on level 5 of the Dungeon.
You worshipped Gozag.
Gozag was aware of your devotion.
One of your tentacles had grown a beastly spike.
You visited 1 branch of the dungeon, and saw 5 of its levels.

You collected 234 gold pieces.
You paid 40 gold pieces to Gozag.

Inventory:

Jewellery
 h - an amulet of guardian spirit (around mantle)
Scrolls
 i - a scroll of amnesia
Potions
 b - a potion of invisibility {unknown}
 c - a potion of heal wounds {unknown}
 d - a potion of degeneration {unknown}
 e - a potion of brilliance
 f - 2 potions of mutation {unknown}
 g - 2 potions of flight {unknown}


   Skills:
 - Level 1.2 Fighting
 - Level 2.0 Dodging
 + Level 6.2 Unarmed Combat
 - Level 2.0 Spellcasting
 - Level 2.0 Transmutations
 - Level 0.3 Ice Magic


You had one spell level left.
You knew the following spells:

 Your Spells              Type           Power      Damage    Failure   Level
a - Beastly Appendage     Tmut           18%        N/A       8%          1
b - Wereblood             Tmut           9%         N/A       12%         2
c - Ice Form              Ice/Tmut       6%         N/A       73%         4

Your spell library contained the following spells:

 Spells                   Type           Power      Damage    Failure   Level
 Spider Form              Tmut/Pois      5%         N/A       34%         3


Dungeon Overview and Level Annotations

Branches:
Dungeon (5/15)
 Temple: D:4-7

Altars:
Gozag

Shops:
D:3 ?:[?   D:4 =

Annotations:
D:3 exclusions: ogre and orc priest


Innate Abilities, Weirdness & Mutations

One of your tentacles has grown a beastly spike.
You cannot wear most types of armour.
You are amphibious.
You can wear up to eight rings at the same time.
Your skin changes colour to match your surroundings (Stealth+).
Your rubbery body absorbs attacks. (AC +1, EV +1)
((You are camouflaged when in or above water. (Stealth+)))
You have tentacles for arms and can constrict up to eight enemies at once.


Message History

You are too injured to fight recklessly!
You barely miss the orc wizard. You grab the orc wizard.
The orc wizard is heavily wounded.
You constrict the orc wizard. The orc wizard misses you. Something hits you.
* * * LOW HITPOINT WARNING * * *
Deactivating autopickup; reactivate with Ctrl-A.
The orc wizard barely misses you.
Unknown command.
You release your grip on the orc wizard.
The ball python barely misses you. The ball python closely misses you.
The orc priest calls upon Beogh to heal the orc wizard.
The orc wizard is healed somewhat.
The orc wizard closely misses you. Something hits you.
* * * LOW HITPOINT WARNING * * *
You climb downwards.
You hear the hiss of flowing sand.
There is an entrance to an ossuary on this level.
Hurry and find it before the portal is buried!
Reactivating autopickup.
Found a scroll labelled USTRUOC KOEJOY.
There is a stone staircase leading up here.
Unknown command.
You closely miss the orc wizard. Your grab misses the orc wizard.
Your tentacle spike misses the orc wizard.
The orc wizard is lightly wounded.
The ball python bites you.
* * * LOW HITPOINT WARNING * * *
The ball python closely misses you.
The orc wizard gestures at you while chanting.
You are confused.
You hear some strange, mumbled words.
Deactivating autopickup; reactivate with Ctrl-A.
You are more confused.
It was a potion of attraction.
You feel attractive to monsters. The ball python barely misses you.
The ball python grabs you. The ball python constricts you.
* * * LOW HITPOINT WARNING * * *
The orc wizard hits you with a +0 dagger of speed.
You die...
Your body crumbles into a pile of gold.

.##.#
..#.##
#....
#...#
....#
#...#
##...####.
#S@o......
#.....####
#.........
#.....###.
#.....# $
......#
......#
.#####.?


You could see an orc wizard and a ball python.

Vanquished Creatures
  Terence (D:3)
  Robin (D:3)
  5 adders
  An ufetubus (D:4)
  3 worms (D:2)
  3 dart slugs
  2 orcs (D:3)
  5 endoplasms
  5 giant cockroaches
  14 goblins
  17 hobgoblins
  2 jackals (D:2)
  10 kobolds
  A quokka (D:1)
  11 ball pythons
  5 bats
  3 frilled lizards
  6 rats
95 creatures vanquished.

Vanquished Creatures (others)
  18 plants (D:3)
18 creatures vanquished.

Grand Total: 113 creatures vanquished

Notes
Turn   | Place    | Note
-------+----------+-------------------------------------------
     0 | D:1      | ytrimaz the Octopode Transmuter began the quest for the
                  | Orb.
     0 | D:1      | Reached XP level 1. HP: 13/13 MP: 3/3
   245 | D:1      | Reached XP level 2. HP: 8/18 MP: 1/5
   501 | D:1      | Learned a level 2 spell: Wereblood
   635 | D:1      | Reached skill level 4 in Unarmed Combat
   683 | D:1      | Reached XP level 3. HP: 21/23 MP: 4/6
   866 | D:1      | Found a faded altar of an unknown god.
  1488 | D:2      | Reached XP level 4. HP: 11/28 MP: 7/7
  1691 | D:2      | Learned a level 4 spell: Ice Form
  1990 | D:2      | Reached skill level 5 in Unarmed Combat
  2634 | D:3      | Noticed Robin
  2687 | D:3      | Found Kenouthu's Book Shop.
  2689 | D:3      | Found Omput's Magic Scroll Shop.
  2717 | D:3      | Killed Robin
  2718 | D:3      | Reached XP level 5. HP: 7/33 MP: 0/8
  3049 | D:3      | Found Iniamo's Antique Armour Shoppe.
  3324 | D:3      | Noticed an ogre
  3364 | D:3      | Noticed Terence
  4306 | D:3      | Killed Terence
  4695 | D:3      | Reached skill level 6 in Unarmed Combat
  4772 | D:3      | Found an opulent altar of Gozag.
  4781 | D:3      | Became a worshipper of Gozag Ym Sagoz the Greedy
  4830 | D:3      | Found Fehif's Magic Scroll Shop.
  5541 | D:4      | Found Nasumug's Jewellery Shop.
  5638 | D:5      | Entered Level 5 of the Dungeon
  5640 | D:5      | Slain by an orc wizard

Illustrated notes

Levels and vault maps discovered:
D:1:      saegor_arrival_simple_d, layout_basic,
          hellmonk_ecumenical_altar_blasted
D:2:      layout_loops_ring, chequers_serial_rivers_micro_e
D:3:      wad_lake_hut, layout_basic, grunt_gozag_breadcrumbs, serial_shops,
          shop_fountains, nicolae_shop_advertising_works
          [nicolae_subvault_shop_adworks], nicolae_shop_waterfront, shop,
          uniq_terence, uniq_crazy_yiuf_cottage, uniq_robin
D:4:      layout_layer_cave, grunt_temple_overflow_diamond,
          jmf_multi_god_temple2, serial_shops, shop, minmay_misc_feat_hallway,
          minmay_hollow_rounded_squares
D:5:      layout_basic, bloody_trog, nicolae_ru_path_of_blood,
          nicolae_ossuary_entry_false_entrances, serial_co_window_serial,
          co_window_of_opportunity_a, co_window_of_opportunity_a,
          co_window_paths_a, co_window_paths_a, co_window_paths_b,
          co_window_corner_b, co_window_unsneaky_path_c, co_window_2corner,
          co_window_corner_b, co_window_corner_b, co_window_broadway_b,
          co_window_unsneaky_path_c, co_window_paths_d, st_stairs_7

Skill      XL: |  1  2  3  4  5 |
---------------+----------------+-----
Unarmed Combat | 4 5 6 |  6.2
Fighting       | |  1.2
Dodging        | |  2.0
Spellcasting   | |  2.0
Transmutations | |  2.0
Ice Magic      | |  0.3

Action                   |  1- 3 |  4- 6 || total
-------------------------+-------+-------++-------
Melee: Unarmed           |    80 |   135 ||   215
       Constrict         |    21 |    26 ||    47
       Kick              |    12 |    21 ||    33
       Tentacles         |    11 |    18 ||    29
       Punch             |     2 |     2 ||     4
 Cast: Beastly Appendage |    18 |    25 ||    43
       Wereblood         |     1 |     4 ||     5
       Ice Form          |       |     1 ||     1
  Use: Scroll            |     1 |     4 ||     5
       Potion            |       |     3 ||     3
 Stab: Sleeping          |     2 |     6 ||     8
Armor: Skin              |     7 |     6 ||    13
Dodge: Dodged            |    58 |   111 ||   169

Table legend: (Time is in decaauts)
 A = Elapsed time spent in this place.
 B = Non-inter-level travel time spent in this place.
 C = Inter-level travel time spent in this place.
 D = Time resting spent in this place.
 E = Time spent auto-exploring this place.
 F = Levels seen in this place.
 G = Mean time per level.
                   A        B        C        D        E       F      G
               +--------+--------+--------+--------+--------+-----+--------+
         Total |   5620 |   5570 |     50 |   1719 |   2973 |   5 | 1124.0 |
       Dungeon |   5620 |   5570 |     50 |   1719 |   2973 |   5 | 1124.0 |
               +--------+--------+--------+--------+--------+-----+--------+

Top non-repeatable levels by time:
     D:3: 2566 daAuts
     D:2: 1545 daAuts
     D:1: 1074 daAuts
     D:4: 432 daAuts
     D:5: 1 daAuts
